Map: Oceanborn LE

Players

floski - Winner!

  • Race: Terran Terran
  • League: Diamond
  • Spawn Location: 5:00

Djoker

  • Race: Terran Terran
  • League: Diamond
  • Spawn Location: 11:00

VOD

Have the link to the VOD?

Description

ctl season 30

Time

  • Played on: March 10, 2024, 1:06 p.m.
  • Length: 7:47
Show
View Real Time Build Order
Export as new Build Order

floski Terran - Winner!

Build Orders: 2 Factory, Cyclone Opening 

Get SALT Encoding   

  12  0:00  SCV  
  13  0:12  SCV  
  14  0:17  Supply Depot  
  14  0:24  SCV  
  15  0:28  Refinery  
  15  0:39  SCV  
  16  0:46  Barracks  
  16  0:51  SCV  
  17  1:01  Refinery  
  17  1:03  SCV  
  18  1:15  SCV  
  19  1:34  Factory  
  19  1:35  Orbital Command  
  19  1:40  Barracks Reactor  
  19  1:44  Supply Depot  
  19  2:00  SCV  
  20  2:21  Factory  
  20  2:24  Cyclone x2  
  20  2:25  Barracks Reactor  
  20  2:27  SCV  
  25  2:33  Supply Depot  
  25  2:39  SCV  
  26  2:51  SCV  
  27  2:56  Cyclone x2  
  31  3:10  Cyclone x2  
  35  3:17  Supply Depot  
  35  3:28  Cyclone  
  35  3:29  Cyclone  
  39  3:52  Cyclone x2  
  43  4:01  Cyclone  
Show
View Real Time Build Order
Export as new Build Order

Djoker Terran 

Build Orders:  

Get SALT Encoding   

  12  0:00  SCV  
  13  0:12  SCV  
  14  0:17  Supply Depot  
  14  0:24  SCV  
  15  0:39  SCV  
  15  0:40  Barracks  
  16  0:44  Refinery  
  16  0:49  Refinery  
  16  0:54  SCV  
  17  1:07  SCV  
  18  1:20  SCV  
  19  1:27  Barracks Reactor  
  19  1:29  Supply Depot  
  19  1:44  Factory  
  19  1:45  Orbital Command  
  19  2:05  Marine x2  
  21  2:11  SCV  
  22  2:22  Marine x2  
  22  2:29  Factory Tech Lab  
  24  2:31  Supply Depot  
  24  2:35  Starport  
  24  2:43  SCV  
  25  2:48  Siege Tank  
  28  2:56  SCV  
  29  3:02  Marine x2  
  31  3:08  SCV  
  31  3:11  Starport Reactor  
  32  3:21  Siege Tank  
  35  3:28  Supply Depot  
  35  3:46  Supply Depot  
  35  3:47  Viking x2  
  39  3:49  Marine x2  
  41  3:59  Siege Tank  
  38  4:17  Viking  
  38  4:22  Marine x2  
  33  4:40  SCV  
  27  4:49  Marine x2  
  27  4:52  SCV  
  16  5:04  SCV  
  14  5:07  Marine  
  8  6:39  Orbital Command  
Tags
 
Add a new tag
Caveats
  • Supply blocks, unpowered buildings, or Contaminate may cause inaccurate times.
  • Supply counts are checked every 10 seconds.